 Dungeon Crawl Stone Soup version 0.26.1-11-gd32895ea62 (webtiles) character file.

Game seed: 7069918422353568092

29 kodamatunes15 the Skirmisher (level 3, 0/31 HPs)
             Began as a Barachi Wanderer on June 10, 2021.
             Slain by an adder (2 damage)
             ... on level 2 of the Dungeon.
             The game lasted 00:02:25 (949 turns).

kodamatunes15 the Skirmisher (Barachi Wanderer)      Turns: 949, Time: 00:02:25

Health: 0/31       AC:  5    Str: 13    XL:     3   Next: 16%
Magic:  4/4        EV: 10    Int: 12    God:
Gold:   48         SH:  0    Dex: 12    Spells: 4/4 levels left

rFire    . . .     SeeInvis .   a - +2 dagger
rCold    . . .     Faith    .   (no shield)
rNeg     . . .     Spirit   .   c - +0 ring mail
rPois    .         Reflect  .   (no helmet)
rElec    .         Harm     .   (no cloak)
rCorr    .         Rampage  .   (no gloves)
Will     .....                  (no boots)
Stlth    +.........             (no amulet)
HPRegen  0.10/turn              (no ring)
MPRegen  0.09/turn              (no ring)

@: lethally poisoned (0 -> -6), slow
A: +LOS, swims, slowness 1, strong legs 1
a: Hop


You were on level 2 of the Dungeon.
You visited 1 branch of the dungeon, and saw 2 of its levels.

You collected 48 gold pieces.

Inventory:

Hand Weapons
 a - a +2 dagger (weapon)
 d - a +0 mace
 e - a +0 spear of freezing
Armour
 c - a +0 ring mail (worn)
Scrolls
 f - a scroll of blinking {unknown}
 g - 2 scrolls of remove curse {unknown}
 h - a scroll of identify {unknown}
Potions
 b - a potion of berserk rage


   Skills:
 + Level 4.6 Fighting
 + Level 0.3 Short Blades
 + Level 1.1 Maces & Flails
 + Level 1.6 Armour
 + Level 0.4 Dodging
 + Level 1.0 Stealth
 + Level 1.1 Shields
 + Level 1.1 Spellcasting
 + Level 2.3 Air Magic


You had 4 spell levels left.
You didn't know any spells.
Your spell library was empty.

Dungeon Overview and Level Annotations

Branches:
Dungeon (2/15)

Altars:

Annotations:
D:2 Terence


Innate Abilities, Weirdness & Mutations

You can be seen from farther away. (+LOS)
You can swim through water.
You cover ground slowly.
You can hop short distances.


Message History

The bat hits you.
* * * LOW HITPOINT WARNING * * *
The bat hits you but does no damage. Terence closely misses you.
The adder bites you.
* * * LOW HITPOINT WARNING * * *
You are lethally poisoned!
The adder poisons you! The kobold hits you but does no damage.
You barely miss the adder.
The adder is severely wounded.
* * * LOW HITPOINT WARNING * * *
You feel sick. The bat hits you but does no damage.
The adder barely misses you.
Terence hits you with a +1 flail of holy wrath.
* * * LOW HITPOINT WARNING * * *
The kobold hits you but does no damage.
You barely miss the adder.
The adder is severely wounded.
* * * LOW HITPOINT WARNING * * *
You feel sick. The bat closely misses you. The adder bites you.
You die...

#.........##.
#....)......
###..........
...........# ##
#.........# ...#
#...<.....##.....
#......(........
#..bS(<.#
....[.#@####
...##.@K# .
.....## ........
.......# .......
......# ..#.#.
>#..#.


You could see Terence, an adder, a bat and a kobold.

Vanquished Creatures
  An ooze (D:1)
  2 dart slugs (D:1)
  2 giant cockroaches (D:1)
  2 goblins (D:1)
  3 hobgoblins (D:1)
  2 kobolds (D:1)
  3 bats (D:1)
  A frilled lizard (D:1)
  6 rats (D:1)
22 creatures vanquished.

Notes
Turn   | Place    | Note
-------+----------+-------------------------------------------
     0 | D:1      | kodamatunes15 the Barachi Wanderer began the quest for the
                  | Orb.
     0 | D:1      | kodamatunes15 set off with the following items: a +2
                  | dagger, a potion of berserk rage, a +0 ring mail, a +0 mace
     0 | D:1      | Reached XP level 1. HP: 18/18 MP: 2/2
    77 | D:1      | Reached skill level 4 in Fighting
    77 | D:1      | Reached XP level 2. HP: 20/25 MP: 3/3
   629 | D:1      | Reached XP level 3. HP: 30/31 MP: 4/4
   936 | D:2      | Noticed Terence
   949 | D:2      | Slain by an adder

Illustrated notes

Levels and vault maps discovered:
D:1:      lightli_arrival_chessboard, layout_loops_ring
D:2:      layout_rooms, uniq_terence

Skill      XL: |  1 |
---------------+----+-----
Fighting       | 4 |  4.6
Short Blades   | |  0.3
Maces & Flails | |  1.1
Armour         | |  1.6
Dodging        | |  0.4
Stealth        | |  1.0
Shields        | |  1.1
Spellcasting   | |  1.1
Air Magic      | |  2.3

Action                   || total
-------------------------++-------
Melee: Dagger            ||    92
Armor: Ring mail         ||    46
Dodge: Dodged            ||    58
